 Dungeon Crawl Stone Soup version 0.31-a0-1589-g8f5e8aebd6 (webtiles) character file.

Game seed: 13816298056528913628

10 CougarLife the Ruffian (level 2, 0/23 HPs)
             Began as a Gnoll Shapeshifter on Jan 5, 2024.
             Slain by a kobold
             ... wielding a +0 whip
              (5 damage)
             ... on level 1 of the Dungeon.
             The game lasted 00:01:51 (260 turns).

CougarLife the Ruffian (Gnoll Shapeshifter)          Turns: 260, Time: 00:01:52

Health: 0/23       AC:  2    Str: 13    XL:     2   Next: 20%
Magic:  2/2        EV: 13    Int:  9    God:
Gold:   19         SH:  0    Dex: 11    Spells: 1/1 levels left

rFire   . .          .
                       - Unarmed
rCold   . . .        (no shield)
rNeg    . . .        a - +0 animal skin
rPois   +            (helmet currently unavailable)
rElec   .            (cloak currently unavailable)
rCorr   .            (gloves currently unavailable)
SInv    .            (boots currently unavailable)
Will    .....        (no amulet)
Stlth   +            j - ring of poison resistance
HPRegen 0.23/turn    (no ring)
MPRegen 0.08/turn

%: no passive effects
@: beast-form
A: beast (slay +3), fangs 1, strong nose, distributed training
a: Begin Untransformation


You were on level 1 of the Dungeon.
You were a hulking beast.
You visited 1 branch of the dungeon, and saw 1 of its levels.

You collected 19 gold pieces.

Inventory:

Armour
 a - a +0 animal skin (worn)
Jewellery
 j - a ring of poison resistance (left hand)
Talismans
 c - a beast talisman (active)
 d - a flux talisman
Scrolls
 e - 2 scrolls of identify {unknown}
Potions
 b - a potion of lignification
 f - a potion of cancellation {unknown}
 g - 2 potions of curing {unknown}
 h - a potion of heal wounds {unknown}
 i - a potion of attraction {unknown}


   Skills:
 + Level 2.4 Fighting
 + Level 0.3 Short Blades
 + Level 0.3 Long Blades
 + Level 0.3 Axes
 + Level 0.3 Maces & Flails
 + Level 0.3 Polearms
 + Level 0.3 Staves
 + Level 0.3 Ranged Weapons
 + Level 0.3 Throwing
 + Level 0.3 Armour
 + Level 4.4 Dodging
 + Level 0.3 Stealth
 + Level 0.3 Shields
 + Level 6.4 Unarmed Combat
 + Level 0.3 Spellcasting
 + Level 0.2 Conjurations
 + Level 0.2 Hexes
 + Level 0.2 Summonings
 + Level 0.2 Necromancy
 + Level 0.2 Translocations
 + Level 0.2 Fire Magic
 + Level 0.2 Ice Magic
 + Level 0.2 Air Magic
 + Level 0.2 Earth Magic
 + Level 0.2 Alchemy
 + Level 0.4 Invocations
 + Level 0.3 Evocations
 + Level 6.4 Shapeshifting


You had one spell level left.
You didn't know any spells.
Your spell library contained the following spells:

 Spells                   Type           Power      Damage    Failure   Level
 Apportation              Tloc           0%         N/A       36%         1
 Necrotise                Necr           0%         1d4       36%         1
 Sting                    Conj/Alch      0%         1d3       36%         1
 Summon Small Mammal      Summ           0%         N/A       36%         1


Dungeon Overview and Level Annotations

Branches:
Dungeon (1/15)

Altars:


Innate Abilities, Weirdness & Mutations

You are a hulking beast.
Your limbs bulge with bestial killing power. (Slay +3)
You have very sharp teeth.
Your uncanny sense of smell can sniff out nearby items.
Your experience applies equally to all skills.


Message History

The bat completely misses you.
The kobold throws a stone.
The stone misses you.
The endoplasm quivers.
The bat barely misses you. The kobold hits you with a +0 whip.
The endoplasm jiggles.
Attack: -) Nothing wielded
Press: ? - help, Dir - move target, f - kobold
Aim: a kobold, wielding a +0 whip and quivering stones (about 38% to evade your hands)
Okay, then.
Unknown command.
Okay, then.
Unknown command.
There are monsters nearby!
The kobold hits you with a +0 whip.
You begin transforming.
You continue transforming.
The bat barely misses you. The bat hits you but does no damage.
The rat bites you but does no damage. The kobold closely misses you.
You continue transforming.
The bat hits you but does no damage. The kobold misses you. The rat bites you.
You continue transforming.
The bat hits you but does no damage. The kobold hits you but does no damage.
The rat bites you.
Your transformation has ended.
You turn into a hulking beast.
The bat closely misses you. The kobold hits you with a +0 whip.
The rat barely misses you.
You barely miss the endoplasm. The bat closely misses you.
You hit the endoplasm.
The endoplasm is moderately wounded.
The bat barely misses you. The bat hits you but does no damage.
The kobold barely misses you. The rat bites you.
The endoplasm hits you but does no damage.
You punch the endoplasm!
You kill the endoplasm!
The bat closely misses you. The bat misses you.
The rat bites you but does no damage. The kobold hits you with a +0 whip.
* * * LOW HITPOINT WARNING * * *
You closely miss the rat. The rat barely misses you.
The kobold hits you but does no damage. The bat misses you.
You miss the kobold. The bat hits you but does no damage.
The kobold hits you with a +0 whip.
You die...

#.#.### ###'#.##.
#......#. #########
#......#.
###.......######........
..........'.............
..........########......
.....b....# #######
.....?.h..# ......Kr:.#
# #+#.......# #
##########.#......... #
~○~~~~~°##.#.......... #
°~○~~~~~~#.#..$.........
#~~○~#~~~#.#............
~~~~~○~~~#.#............
~ ~~~~~~~#.#


You could see a bat, a kobold and a rat.

Vanquished Creatures
  A dart slug (D:1)
  2 endoplasms (D:1)
  A giant cockroach (D:1)
  A hobgoblin (D:1)
  A quokka (D:1)
  A rat (D:1)
7 creatures vanquished.

Notes
Turn   | Place    | Note
-------+----------+-------------------------------------------
     0 | D:1      | CougarLife the Gnoll Shapeshifter began the quest for the
                  | Orb.
     0 | D:1      | Reached XP level 1. HP: 17/17 MP: 1/1
   199 | D:1      | Reached XP level 2. HP: 23/23 MP: 2/2
   260 | D:1      | Slain by a kobold

Illustrated notes

Levels and vault maps discovered:
D:1:      saegor_arrival_miasma, layout_basic

Action                     || total
---------------------------++-------
  Melee: Unarmed           ||    14
         Bite              ||     1
 Armour: Animal skin       ||    22
  Dodge: Dodged            ||    20
   Form: Beast             ||     1

Table legend: (Time is in decaauts)
 A = Elapsed time spent in this place.
 B = Non-inter-level travel time spent in this place.
 C = Inter-level travel time spent in this place.
 D = Time resting spent in this place.
 E = Time spent auto-exploring this place.
 F = Levels seen in this place.
 G = Mean time per level.
                   A        B        C        D        E       F      G
               +--------+--------+--------+--------+--------+-----+--------+
         Total |    257 |    257 |      0 |     34 |    173 |   1 |  257.0 |
       Dungeon |    257 |    257 |      0 |     34 |    173 |   1 |  257.0 |
               +--------+--------+--------+--------+--------+-----+--------+

Top non-repeatable levels by time:
     D:1: 257 daAuts
